 Dungeon Crawl Stone Soup version 0.26-a0-1002-g7355149c4d (webtiles) character file.

Game seed: 2282248411334528689

275 pablito the Insei (level 6, -10/38 HPs)
             Began as an Octopode Transmuter on Dec 6, 2020.
             Was an Initiate of Ru.
             Mangled by an ogre
             ... wielding a +0 giant club
              (26 damage)
             ... on level 3 of the Dungeon.
             The game lasted 00:10:13 (3045 turns).

pablito the Insei (Octopode Transmuter)             Turns: 3045, Time: 00:10:14

Health: -10/38     AC:  2    Str:  9    XL:     6   Next: 25%
Magic:  0/9        EV: 20    Int: 15    God:    Ru [......]
Gold:   107        SH:  0    Dex: 20    Spells: 4/9 levels left

rFire    x . .     SeeInvis .     - Unarmed
rCold    + . .     Faith    .   (shield currently unavailable)
rNeg     . . .     Spirit   +   (helmet currently unavailable)
rPois    x         Reflect  .   o - amulet of guardian spirit
rElec    .         Harm     .   l - ring of ice
rCorr    .         Rampage  .   (no ring)
Will     .....                  (no ring)
Stlth    ++........             (no ring)
HPRegen  0.12/turn              (no ring)
MPRegen  0.11/turn              (no ring)
                                (no ring)
                                (no ring)

@: spider-form
A: tiny, almost no armour, stealthy swim, (amphibious), 8 rings, (constrict 8)
a: End Transformation, Renounce Religion


You were on level 3 of the Dungeon.
You worshipped Ru.
Ru was noncommittal.
You were a venomous arachnid creature.
You visited 1 branch of the dungeon, and saw 4 of its levels.

You collected 107 gold pieces.

Inventory:

Missiles
 i - 6 boomerangs
Jewellery
 l - a ring of ice (left front leg)
 o - an amulet of guardian spirit (around neck)
Wands
 g - a wand of flame (12)
Scrolls
 a - 2 scrolls of remove curse
 b - a scroll of enchant weapon {unknown}
 c - a scroll of amnesia {unknown}
 e - a scroll of magic mapping {unknown}
 f - 2 scrolls of enchant armour {unknown}
 m - a scroll of immolation {unknown}
 n - a scroll of fog {unknown}
 p - a scroll of noise {unknown}
 q - a scroll of identify
Potions
 d - a potion of might
 j - a potion of cancellation
 k - a potion of curing {unknown}


   Skills:
 - Level 1.0 Fighting
 - Level 2.0 Dodging
 - Level 2.0 Stealth
 + Level 5.0 Unarmed Combat
 + Level 2.4 Spellcasting
 + Level 4.3 Transmutations


You had 4 spell levels left.
You knew the following spells:

 Your Spells              Type           Power        Failure   Level
a - Beastly Appendage     Tmut           ##....       12%         1
b - Spider Form           Tmut/Pois      #.........   47%         3
c - Summon Small Mammal   Summ           #...         43%         1

Your spell library contained the following spells:

 Spells                   Type           Power        Failure   Level
 Wereblood                Tmut           ##......     16%         2
 Animate Skeleton         Necr           #.....       43%         1
 Apportation              Tloc           #.....       43%         1
 Corona                   Hex            #......      43%         1
 Ice Form                 Ice/Tmut       ##......     83%         4
 Blade Hands              Tmut           ##........   86%         5


Dungeon Overview and Level Annotations

Branches:
Dungeon (4/15)
 Temple: D:4-7

Altars:
Gozag
Kikubaaqudgha
Makhleb
Qazlal
Ru
Vehumet
Zin


Innate Abilities, Weirdness & Mutations

You cannot wear most types of armour.
You are very stealthy in the water. (Stealth+)
((You are amphibious.))
You can wear up to eight rings at the same time.
((You can use your tentacles to constrict eight enemies at once.))
((Your skin changes colour to match your surroundings (Stealth+).))
((Your rubbery body absorbs attacks. (AC +1, EV +1)))


Message History

Confirm with . or Enter, or press ? or * to list all spells.
The spell is quite dangerous to cast (26% risk of failure)!
Continue anyway?
You turn into a venomous arachnid creature.
The ogre closely misses you.
You hit the ogre but do no damage.
The ogre is poisoned.
You hit the ogre but do no damage. The ogre misses you.
You bite the ogre!
The ogre looks as sick as possible!
The ogre is moderately wounded.
The ogre completely misses you.
You hit the ogre.
The ogre looks as sick as possible!
The ogre is moderately wounded.
You hit the ogre.
The ogre looks as sick as possible!
The ogre is heavily wounded.
The ogre misses you.
You hit the ogre.
The ogre looks as sick as possible!
The ogre is severely wounded.
The ogre hits you with a +0 giant club!
The ogre hits you with a +0 giant club!!
Ouch! That really hurt!
You die...

#.#........####.#.# #.#.#
##.########.##...#.#####
#.#.#
#<.......##.##.###.....#
#.#.# ########>##....#
#####.# #.#.#
#.#############'#####.#..
###.######..............###
#........#..............#
#........#..............##
#........#s..............#
#........#.O..........._.#
#........#.>.............#
#........########.###...##
#........# #.# #####
#........# #.#
#........########.#
#........>........#
#........##########


You could see an ogre (extremely poisoned).

Vanquished Creatures
  A water moccasin skeleton (D:4)
  3 orc wizards
  Natasha (twice) (D:2)
  2 adders (D:2)
  3 worms
  2 dart slugs
  2 leopard geckos
  7 orcs
  5 giant cockroaches
  6 goblins
  7 hobgoblins
  A jackal (D:3)
  2 quokkas
  A ball python (D:3)
  4 bats
  5 frilled lizards
  A jackal skeleton (D:4)
  7 kobolds
  7 rats
68 creatures vanquished.

Notes
Turn   | Place    | Note
-------+----------+-------------------------------------------
     0 | D:1      | pablito the Octopode Transmuter began the quest for the
                  | Orb.
     0 | D:1      | Reached XP level 1. HP: 13/13 MP: 3/3
   249 | D:1      | Reached skill level 1 in Stealth
   249 | D:1      | Reached XP level 2. HP: 18/18 MP: 3/5
   490 | D:1      | HP: 1/18 [goblin (3)]
  1044 | D:2      | Reached XP level 3. HP: 23/23 MP: 4/6
  1094 | D:2      | Noticed an earth elemental
  1111 | D:2      | Found a stormy altar of Qazlal.
  1115 | D:2      | Noticed a water elemental
  1245 | D:2      | Noticed Natasha
  1253 | D:2      | Killed Natasha
  1254 | D:2      | Reached XP level 4. HP: 24/28 MP: 5/7
  1268 | D:2      | Noticed an air elemental
  1376 | D:2      | Reached skill level 4 in Unarmed Combat
  1456 | D:2      | Noticed a fire elemental
  1638 | D:2      | Noticed Natasha
  1646 | D:2      | Killed Natasha
  1811 | D:3      | Found an opulent altar of Gozag.
  1864 | D:3      | Found a sacrificial altar of Ru.
  1871 | D:3      | Reached XP level 5. HP: 26/33 MP: 5/8
  1883 | D:3      | Became a worshipper of Ru the Awakened
  2130 | D:3      | Learned a level 3 spell: Spider Form
  2132 | D:3      | Learned a level 1 spell: Summon Small Mammal
  2637 | D:3      | Found a glowing silver altar of Zin.
  2725 | D:3      | Found an ancient bone altar of Kikubaaqudgha.
  2725 | D:3      | Found a radiant altar of Vehumet.
  2726 | D:3      | Found a burning altar of Makhleb.
  2966 | D:4      | Reached XP level 6. HP: 38/38 MP: 9/9
  2986 | D:4      | Reached skill level 5 in Unarmed Combat
  3045 | D:3      | Mangled by an ogre

Illustrated notes

Levels and vault maps discovered:
D:1:      eino_arrival_water_star, layout_loops_ring
D:2:      layout_rooms, nicolae_qazlal_style_of_elements, uniq_natasha
D:3:      layout_basic, gammafunk_temple_overflow_claw,
          nicolae_gozag_seed_capital, overflow_temple_1_default,
          nicolae_ru_great_annihilating_truth
D:4:      layout_loops_ring, minmay_temple_entry_waves, tso_metal_star,
          uniq_duvessa

Skill      XL: |  1  2  3  4  5  6 |
---------------+-------------------+-----
Stealth        | 1 2 |  2.0
Transmutations | 3 4 |  4.3
Unarmed Combat | 4 5 |  5.0
Fighting       | |  1.0
Dodging        | |  2.0
Spellcasting   | |  2.4

Action                   |  1- 3 |  4- 6 || total
-------------------------+-------+-------++-------
Melee: Unarmed           |    66 |    95 ||   161
       Constrict         |    16 |    28 ||    44
       Tentacles         |     5 |    14 ||    19
       Kick              |    14 |    24 ||    38
       Punch             |     3 |     3 ||     6
 Cast: Beastly Appendage |    20 |    17 ||    37
       Summon Small Mamm |       |     1 ||     1
       Spider Form       |       |     2 ||     2
  Use: Scroll            |     1 |     3 ||     4
       Potion            |       |     2 ||     2
 Stab: Sleeping          |     9 |     4 ||    13
Armor: Skin              |     3 |     3 ||     6
Dodge: Dodged            |    40 |    63 ||   103

Table legend: (Time is in decaauts)
 A = Elapsed time spent in this place.
 B = Non-inter-level travel time spent in this place.
 C = Inter-level travel time spent in this place.
 D = Time resting spent in this place.
 E = Time spent auto-exploring this place.
 F = Levels seen in this place.
 G = Mean time per level.
                   A        B        C        D        E       F      G
               +--------+--------+--------+--------+--------+-----+--------+
         Total |   3032 |   2882 |    150 |      0 |   2282 |   4 |  758.0 |
       Dungeon |   3032 |   2882 |    150 |      0 |   2282 |   4 |  758.0 |
               +--------+--------+--------+--------+--------+-----+--------+

Top non-repeatable levels by time:
     D:3: 1094 daAuts
     D:1: 1033 daAuts
     D:2: 731 daAuts
     D:4: 172 daAuts
